 Dungeon Crawl Stone Soup version 0.30-a0-341-g682706514a (webtiles) character file.

Game seed: 9182229652885292847

8313 flotson the Trooper (level 11, -10/84 HPs)
             Began as a Demonspawn Delver on Oct 31, 2022.
             Was an Initiate of Gozag.
             Mangled by a tentacled starspawn (16 damage)
             ... on level 3 of the Abyss on Nov 2, 2022.
             The game lasted 00:19:54 (8432 turns).

flotson the Trooper (Demonspawn Delver)             Turns: 8432, Time: 00:19:56

Health: -10/84     AC: 42    Str: 17    XL:     11   Next: 8%
Magic:  0/11       EV:  4    Int: 11    God:    Gozag
Gold:   775        SH: 15    Dex: 18    Spells: 10/10 levels left

rFire   . . .      SeeInvis .    w - +1 flail (protect)
rCold   + . .      Faith    .    p - +0 tower shield
rNeg    + . .      Spirit   +    K - +7 plate armour of Defence {rPois rN+ Dex+3}
rPois   +          Reflect  .    (no helmet)
rElec   .          Harm     .    n - +0 cloak
rCorr   .          Rampage  .    H - +0 pair of gloves
Will    .....                    b - +0 pair of boots
Stlth   ..........               j - amulet of guardian spirit
HPRegen 0.34/turn                M - ring of protection from cold
MPRegen 0.12/turn                (no ring)

@: sanguine armoured, under a protective aura
A: hooves 2, powered by death 1, spiny 1, sanguine armour 3
a: Renounce Religion, Potion Petition, Call Merchant, Bribe Branch


You were on level 3 of the Abyss.
You worshipped Gozag.
Gozag was pleased with you.
You visited 2 branches of the dungeon, and saw 10 of its levels.
You visited the Abyss 1 time.
You also visited: Bailey.

You collected 1048 gold pieces.
You spent 102 gold pieces at shops.
You paid 171 gold pieces to Gozag.

Inventory:

Hand Weapons
 a - a +0 hand axe
 w - a +1 flail of protection (weapon)
Missiles
 F - a silver boomerang (quivered)
Armour
 b - a +0 pair of boots (worn)
 i - a +0 ring mail
 n - a +0 cloak (worn)
 p - a +0 tower shield (worn)
 G - +2 ice dragon scales
 H - a +0 pair of gloves (worn)
 K - the +7 plate armour of Defence (worn) {rPois rN+ Dex+3}
   (You found it on level 6 of the Dungeon)

   Dex:       It affects your dexterity (+3).
   rPois:     It protects you from poison.
   rN:        It protects you from negative energy.
Jewellery
 h - a ring of magical power
 j - an amulet of guardian spirit (around neck)
 r - an amulet of magic regeneration
 M - a ring of protection from cold (left hand)
Wands
 g - a wand of digging (2)
 L - a wand of charming (17)
 N - a wand of polymorph (3)
Scrolls
 c - 2 scrolls of fog
 d - 2 scrolls of magic mapping
 e - 3 scrolls of fear
 q - 12 scrolls of identify {unknown}
 s - a scroll of noise {unknown}
 u - 3 scrolls of teleportation {unknown}
 v - 2 scrolls of vulnerability {unknown}
 y - 3 scrolls of enchant weapon {unknown}
 A - a scroll of blinking {unknown}
 B - 2 scrolls of amnesia {unknown}
 E - 2 scrolls of acquirement {unknown}
 I - a scroll of brand weapon
 J - a scroll of enchant armour
Potions
 f - 2 potions of invisibility {unknown}
 l - 3 potions of attraction {unknown}
 m - 2 potions of brilliance {unknown}
 o - 3 potions of heal wounds {unknown}
 t - 2 potions of mutation {unknown}
 x - 2 potions of curing
 z - 2 potions of lignification {unknown}
 C - a potion of berserk rage {unknown}
 D - a potion of degeneration {unknown}


   Skills:
 + Level 7.5 Fighting
 + Level 6.0 Axes
 + Level 4.7 Throwing
 + Level 6.1 Armour
 + Level 6.4 Dodging
 - Level 4.5 Stealth
 + Level 5.8 Shields
 + Level 6.7 Evocations


You had 10 spell levels left.
You didn't know any spells.
Your spell library contained the following spells:

 Spells                   Type           Power      Damage    Failure   Level
 Blink                    Tloc           0%         N/A       100%        2
 Sublimation of Blood     Necr           0%         N/A       100%        2
 Ignite Poison            Fire/Tmut/Pois 0%         N/A       100%        3
 Kindle Blastsparks       Fire/Tloc/Air  0%         2d10      100%        3
 Ozocubu's Armour         Ice            0%         N/A       100%        3
 Manifold Assault         Tloc           0%         N/A       100%        4
 Petrify                  Tmut/Erth      0%         N/A       100%        4
 Freezing Cloud           Conj/Ice/Air   0%         6-21      100%        5
 Irradiate                Conj/Tmut      0%         3d11      100%        5
 Metabolic Englaciation   Hex/Ice        0%         N/A       100%        5
 Storm Form               Tmut/Air       0%         N/A       100%        7
 Simulacrum               Ice/Necr       Unusable   N/A       N/A         6

Dungeon Overview and Level Annotations

Branches:
Dungeon (9/15)             Temple (1/1) D:7          Bailey (visited)
   Lair: D:8-11         Orc: D:9-12

Altars:
Ashenzari
Dithmenos
Fedhas
Gozag
Kikubaaqudgha
Okawaru
Ru
Uskayaw
Vehumet
Yredelemnul

Shops:
D:6 *

Annotations:
D:5 1 runed translucent door, Darkkill's ghost, novice MiHu
D:9 Grum


Innate Abilities, Weirdness & Mutations

You have hoof-like feet.
You regenerate a little health from kills.
You are partially covered in sharp spines.
When seriously injured, your blood forms very thick armour. (AC +12)


Message History

Welcome back, flotson the Demonspawn Delver.
Gozag says: Greed is good.
Press ? for a list of commands and other information.
You hit the starspawn tentacle.
The starspawn tentacle is severely damaged.
The tentacled starspawn bites you but does no damage.
The tentacled starspawn barely misses you.
You block the tentacled starspawn's attack.
The tentacled starspawn tentacle-slaps you but does no damage.
You hit the starspawn tentacle.
The starspawn tentacle is almost destroyed.
You block the tentacled starspawn's attack. x2
You hit the starspawn tentacle.
The starspawn tentacle is almost destroyed.
The tentacled starspawn bites you but does no damage.
You block the tentacled starspawn's attack. x2
The tentacled starspawn tentacle-slaps you but does no damage.
You hit the starspawn tentacle.
The starspawn tentacle is almost destroyed.
The tentacled starspawn bites you.
* * * LOW HITPOINT WARNING * * *
You block the tentacled starspawn's attack.
You hit the starspawn tentacle but do no damage.
The starspawn tentacle is almost destroyed.
You block the tentacled starspawn's attack.
The tentacled starspawn tentacle-slaps you but does no damage.
You block the tentacled starspawn's attack.
The tentacled starspawn tentacle-slaps you but does no damage.
You hit the starspawn tentacle but do no damage.
The starspawn tentacle is almost destroyed.
The tentacled starspawn bites you but does no damage.
You block the tentacled starspawn's attack.
You hit the starspawn tentacle but do no damage.
The starspawn tentacle is almost destroyed.
The tentacled starspawn is struck by your spines.
The tentacled starspawn barely misses you.
The tentacled starspawn tentacle-slaps you but does no damage.
The tentacled starspawn bites you!
You die...
Your body crumbles into a pile of gold.

# .# ###
# ##w#
...## #@#
.#.≈│.wX#
..~.│#/##
.....V.
.## ...
....~~#
.#.###.
### .. .#
.


You could see a tentacled starspawn and 2 starspawn tentacles.

Vanquished Creatures
  Erica (D:8)
  A two-headed ogre (D:8)
  An orc knight (Bailey)
  2 centaur zombies (D:8)
  3 centaur skeletons (D:8)
  A hellwing (D:6)
  A harpy zombie (D:8)
  Sigmund (D:3)
  2 wyverns
  A steam dragon (D:8)
  A water moccasin (D:6)
  9 orc warriors
  A sky beast (D:7)
  3 ice beasts
  3 wolves
  An ogre (D:7)
  4 phantoms
  6 bullfrogs
  5 scorpions
  A gnoll sergeant (D:8)
  4 wights (D:7)
  6 killer bees
  A howler monkey (D:8)
  4 hounds
  2 jellies
  3 orc priests
  A boggart zombie (D:8)
  11 orc wizards
  An iguana (D:6)
  9 adders
  11 gnolls
  4 shadow imps
  4 ufetubi
  3 worms
  2 dart slugs
  28 orcs
  2 bats (D:1)
  7 endoplasms
  4 giant cockroaches
  8 goblins
  10 hobgoblins
  7 jackals
  2 quokkas
  6 ball pythons
  6 frilled lizards
  8 kobolds
  2 rats
204 creatures vanquished.

Vanquished Creatures (others)
  A killer bee (D:8)
  6 withered plants (D:8)
7 creatures vanquished.

Grand Total: 211 creatures vanquished

Notes
Turn   | Place    | Note
-------+----------+-------------------------------------------
     0 | D:5      | flotson the Demonspawn Delver began the quest for the Orb.
     0 | D:5      | Reached XP level 1. HP: 18/18 MP: 1/1
   117 | D:5      | Noticed a phantom
   269 | D:4      | Noticed an orc wizard
   326 | D:3      | Gained mutation: When seriously injured, your blood forms
                  | armour. (AC +12) [demonic ancestry]
   326 | D:3      | Reached XP level 2. HP: 22/24 MP: 2/2
   501 | D:1      | Reached skill level 1 in Evocations
   547 | D:1      | Reached skill level 1 in Armour
   577 | D:1      | Found a faded altar of an unknown god.
   679 | D:1      | Gained mutation: You regenerate a little health from kills.
                  | [demonic ancestry]
   679 | D:1      | Reached XP level 3. HP: 26/29 MP: 3/3
  1550 | D:1      | Gained mutation: You have large cloven feet. [demonic
                  | ancestry]
  1550 | D:1      | Reached XP level 4. HP: 23/35 MP: 4/4
  1796 | D:2      | Reached skill level 1 in Shields
  2084 | D:3      | Noticed Sigmund
  2396 | D:3      | Found a radiant altar of Vehumet.
  2403 | D:3      | Found a blossoming altar of Fedhas.
  2643 | D:4      | Gained mutation: You are partially covered in sharp spines.
                  | [demonic ancestry]
  2643 | D:4      | Reached XP level 5. HP: 22/42 MP: 5/5
  2819 | D:3      | Killed Sigmund
  2820 | D:3      | Reached skill level 4 in Fighting
  2820 | D:3      | Reached XP level 6. HP: 42/48 MP: 4/6
  3277 | D:4      | Found a sacrificial altar of Ru.
  3354 | D:4      | Reached XP level 7. HP: 46/54 MP: 5/7
  3942 | D:5      | Found a runed translucent door.
  3942 | D:5      | Noticed Darkkill's ghost (novice MiHu)
  4234 | D:6      | Gained mutation: You have hoof-like feet. [demonic
                  | ancestry]
  4234 | D:6      | Reached XP level 8. HP: 36/61 MP: 4/8
  4241 | D:6      | Reached skill level 5 in Fighting
  4429 | D:6      | Found a basalt altar of Yredelemnul.
  4716 | D:6      | Reached skill level 1 in Throwing
  4730 | D:6      | Found Xiulubb's CLEARANCE SALE!.
  4737 | D:6      | Bought a scroll of brand weapon for 57 gold pieces
  4737 | D:6      | Bought a scroll of enchant armour for 45 gold pieces
  4903 | D:6      | Identified the +7 plate armour of Defence {rPois rN+ Dex+3}
  5488 | D:7      | Found a staircase to the Ecumenical Temple.
  5555 | D:7      | Found an iron altar of Okawaru.
  5589 | D:7      | Gained mutation: When seriously injured, your blood forms
                  | thick armour. (AC +12) [demonic ancestry]
  5589 | D:7      | Reached XP level 9. HP: 64/68 MP: 9/9
  5761 | D:7      | Reached skill level 5 in Evocations
  5800 | D:7      | Reached skill level 5 in Dodging
  5882 | Temple   | Entered the Ecumenical Temple
  5893 | Temple   | Became a worshipper of Gozag Ym Sagoz the Greedy
  6014 | D:8      | Reached skill level 6 in Fighting
  6164 | D:8      | Noticed a two-headed ogre
  6180 | D:8      | Killed a two-headed ogre
  6181 | D:8      | Reached skill level 5 in Axes
  6181 | D:8      | Reached skill level 5 in Armour
  6181 | D:8      | Gained mutation: When seriously injured, your blood forms
                  | very thick armour. (AC +12) [demonic ancestry]
  6181 | D:8      | Reached XP level 10. HP: 32/77 MP: 6/10
  6453 | D:7      | Reached skill level 5 in Shields
  7008 | D:8      | Reached skill level 7 in Fighting
  7667 | D:9      | Noticed Grum
  7669 | D:9      | Noticed Erica
  7694 | D:8      | Killed Erica
  7880 | D:9      | Found a flagged portal.
  7887 | Bailey   | Entered a bailey
  7968 | Bailey   | Noticed an orc knight
  7988 | Bailey   | Killed an orc knight
  7989 | Bailey   | Reached XP level 11. HP: 61/84 MP: 8/11
  8220 | Bailey   | Found a large runed translucent door.
  8220 | Bailey   | Found a large runed translucent door.
  8221 | Bailey   | Noticed a deep elf pyromancer
  8337 | Abyss:2  | Cast into level 2 of the Abyss (deep elf pyromancer)
  8375 | Abyss:2  | Upgraded the game from 0.30-a0-339-g89bb51ec76 to
                  | 0.30-a0-341-g682706514a
  8390 | Abyss:2  | Noticed a starcursed mass
  8408 | Abyss:3  | Noticed a tentacled starspawn
  8429 | Abyss:3  | HP: 4/84 [tentacled starspawn (4)]
  8432 | Abyss:3  | Mangled by a tentacled starspawn

Illustrated notes

Levels and vault maps discovered:
D:1:      eino_arrival_water_star, layout_basic,
          dreamdust_ecumenical_altar_statues, minmay_tree_intersection
D:2:      layout_rooms, minmay_misc_feat_four_crosses
D:3:      layout_rooms, mainiacjoe_overflow_big_doors, grunt_decor_clamped,
          minmay_quadrilaterals, uniq_sigmund
D:4:      layout_basic, nicolae_ru_sacrificial_ziggurat
D:5:      layout_loops_ring, zin_treasury, gammafunk_ghost_grave
D:6:      layout_cave_pods, elyvilon_altar_4, mainiacjoe_overflow_paths,
          st_stairs_6, nicolae_shop_clearance
D:7:      layout_cave_pools, okawaru_metal_pillars_1_2, temple_doors_cd,
          kennysheep_small_square
D:8:      cheibrodos_grave_circle, layout_basic, nicolae_wwwww
D:9:      layout_loops_ring, enter_bailey_4, grunt_ministairs_1,
          minmay_misc_feat_encased, st_stairs_4, uniq_grum, uniq_erica,
          uniq_harold
Temple:   nicolae_temple_god_jail
Abyss:3:  base: D:3, hangedman_abyss_or_decor_clamps, base:
D:3
Bailey:   bailey_polearm_elven_captive_hellmonk, bailey

Skill      XL: |  1  2  3  4  5  6  7  8  9 10 |
---------------+-------------------------------+-----
Dodging        | 2 3 4 5 6 |  6.4
Evocations     | 1 2 3 4 5 6 |  6.7
Armour         | 1 2 3 4 5 6 |  6.1
Shields        | 1 2 3 4 5 |  5.8
Fighting       | 4 5 6 7 |  7.5
Axes           | 2 3 4 5 6 |  6.0
Throwing       | 1 3 4 |  4.7
Stealth        | |  4.5

Action                   |  1- 3 |  4- 6 |  7- 9 | 10-12 || total
-------------------------+-------+-------+-------+-------++-------
Melee: Hand axe          |   145 |    61 |       |       ||   206
       Punch             |     1 |       |       |       ||     1
       Flail             |       |    95 |   303 |   301 ||   699
Throw: Dart              |       |       |       |     4 ||     4
       Boomerang         |       |       |       |     2 ||     2
Evoke: Wand              |       |     1 |       |    27 ||    28
  Use: Potion            |     1 |       |       |     1 ||     2
       Scroll            |       |     1 |       |     1 ||     2
 Stab: Sleeping          |     3 |     6 |     1 |       ||    10
       Distracted        |       |     1 |       |       ||     1
Armor: Ring mail         |    59 |    84 |    73 |       ||   216
       Plate armour      |       |       |   152 |   478 ||   630
Dodge: Dodged            |    50 |    36 |    87 |    87 ||   260
Block: Tower shield      |    59 |   144 |   282 |   507 ||   992

Table legend: (Time is in decaauts)
 A = Elapsed time spent in this place.
 B = Non-inter-level travel time spent in this place.
 C = Inter-level travel time spent in this place.
 D = Time resting spent in this place.
 E = Time spent auto-exploring this place.
 F = Levels seen in this place.
 G = Mean time per level.
                   A        B        C        D        E       F      G
               +--------+--------+--------+--------+--------+-----+--------+
         Total |   8999 |   8632 |    367 |    382 |   5618 |  13 |  692.2 |
       Dungeon |   8387 |   8029 |    358 |    380 |   5259 |   9 |  931.9 |
        Temple |     20 |     11 |      9 |      0 |      1 |   1 |   20.0 |
         Abyss |    104 |    104 |      0 |      2 |     50 |   2 |   52.0 |
        Bailey |    486 |    486 |      0 |      0 |    308 |   1 |  486.0 |
               +--------+--------+--------+--------+--------+-----+--------+

Top non-repeatable levels by time:
     D:8: 1533 daAuts
     D:6: 1405 daAuts
     D:4: 1073 daAuts
     D:1: 1034 daAuts
     D:7: 940 daAuts
     D:3: 853 daAuts
     D:5: 722 daAuts
     D:2: 716 daAuts
  Bailey: 486 daAuts
     D:9: 108 daAuts
 Abyss:2: 70 daAuts
 Abyss:3: 33 daAuts
  Temple: 20 daAuts
